 Dungeon Crawl Stone Soup version 0.23.2-1-ga50397a6bc (webtiles) character file.

Game seed: 3631483653982287506

302 Jannitor the Vexing (level 6, -1/43 HPs)
             Began as a Demonspawn Enchanter on May 1, 2019.
             Killed by the enmity of Fedhas Madash (18 damage)
             ... on level 3 of the Dungeon.
             The game lasted 00:09:13 (5197 turns).

Jannitor the Vexing (Demonspawn Enchanter)          Turns: 5197, Time: 00:09:13

Health: -1/43      AC:  3    Str:  9    XL:     6   Next: 14%
Magic:  9/9        EV: 12    Int: 18    God:
Gold:   120        SH:  0    Dex: 13    Spells: 3/9 levels left

rFire    . . .     SeeInvis .   a - +2 dagger
rCold    . . .     Gourm    .   (no shield)
rNeg     . . .     Faith    .   b - +1 robe
rPois    .         Spirit   .   (no helmet)
rElec    .         Reflect  .   (no cloak)
rCorr    .         Harm     .   (no gloves)
MR       .....                  (boots unavailable)
Stlth    ++........             (no amulet)
HPRegen  0.14/turn              (no ring)
MPRegen  0.11/turn              (no ring)

@: no status effects
A: talons 3
a: no special abilities


You were on level 3 of the Dungeon.
You were near starving.

You visited 1 branch of the dungeon, and saw 4 of its levels.

You collected 120 gold pieces.

Inventory:

Hand Weapons
 a - a +2 dagger (weapon)
 e - a +0 hunting sling
 i - the +0 spear "Lointed" {venom, +Inv Int+3 Dex+5 Stlth+}
   (You found it on level 4 of the Dungeon)

   It poisons the flesh of those it strikes.
   It affects your intelligence (+3).
   It affects your dexterity (+5).
   It lets you turn invisible.
   It makes you more stealthy.
Missiles
 c - 86 sling bullets
Armour
 b - a +1 robe (worn)
Scrolls
 f - a scroll of identify
 g - a scroll of enchant armour
 j - a scroll of remove curse
 n - 2 scrolls of teleportation
 q - a scroll of amnesia
Potions
 h - a potion of lignification
 m - 2 potions of agility
Comestibles
 d - 9 rations


   Skills:
 + Level 1.3 Fighting
 + Level 3.0 Short Blades
 + Level 2.1 Dodging
 + Level 3.7 Stealth
 - Level 2.0 Spellcasting
 + Level 4.4 Hexes
 - Level 1.6 Ice Magic


You had 3 spell levels left.
You knew the following spells:

 Your Spells              Type           Power        Failure   Level  Hunger
a - Corona                Hex            ###....      3%          1    #......
b - Ensorcelled Hibernat  Hex/Ice        ##....       8%          2    ###....
c - Confuse               Hex            ###.....     9%          3    ###....

Your spell library contained the following spells:

 Spells                   Type           Power        Failure   Level  Hunger
 Tukima's Dance           Hex            ###.....     9%          3    ###....
 Dazzling Spray           Conj/Hex       #.....       22%         3    ###....


Dungeon Overview and Level Annotations

Branches:
Dungeon (4/15)
 Temple: D:4-7

Altars:
Fedhas
Hepliaklqana
Qazlal
Uskayaw
Wu Jian

Annotations:
D:2 1 runed translucent door, exclusion: 3 oklob plants, Crazy Yiuf
D:4 exclusion: oklob plant


Innate Abilities, Weirdness & Mutations

You have claws for feet.


Message History

You start resting.
Fedhas invokes the elements against you.
Freezing gases pour from your hands!
The divine experience drains your vigour!
You feel yourself slow down.
You are engulfed in freezing vapours.
Ouch! That really hurt!
* * * LOW HITPOINT WARNING * * *
You climb upwards.
There is a stone staircase leading down here.
You feel yourself speed up.
There is an escape hatch in the ceiling here.
You start resting.
Magic restored.
You start resting.
You are near starving!
You start resting.
Fedhas invokes the elements against you.
You are blasted with searing flames!
The searing flames burn away your fire resistance!
You die...

#.# #..#####.###..#.## #......>..
#.# #..# #.###.###.###..##.#...
#># #..# #.##.## ##รท....[......
#.# #..# #.>...###......<.....#
#.# #..# #####..#.########.####
#.###..#########.#.## ######.#
...##..#.........### #......####
.#.......#######.######.###......
...##...## #@.......# #.####.
#####.#.## ########.###.# #.
#....## #.....####. #.....#
###.#...##. ##....# #.#.#.##.
##.#.# #####.#.#.##. #.#.#
#.......#.... #### #.#.#
#.##.#######. ...# #[#.#
#.##....#....


There were no monsters in sight!

Vanquished Creatures
  A phantom (D:4)
  A centaur zombie (D:3)
  An orc priest (D:3)
  An orc wizard (D:3)
  4 adders
  2 oozes
  3 adder skeletons
  2 worms
  A dart slug (D:2)
  3 leopard geckos
  7 orcs
  4 giant cockroaches
  6 goblins
  7 hobgoblins
  6 jackals
  A ball python (D:1)
  3 bats
  A frilled lizard (D:2)
  A jackal skeleton (D:3)
  A jackal zombie (D:3)
  2 kobolds
  A quokka skeleton (D:3)
  A quokka zombie (D:3)
  5 rats
65 creatures vanquished.

Vanquished Creatures (others)
  A ball lightning (D:3)
1 creature vanquished.

Grand Total: 66 creatures vanquished

Notes
Turn   | Place    | Note
-------+----------+-------------------------------------------
     0 | D:1      | Jannitor the Demonspawn Enchanter began the quest for the
                  | Orb.
     0 | D:1      | Reached XP level 1. HP: 13/13 MP: 3/3
    30 | D:1      | Reached skill level 1 in Short Blades
   443 | D:1      | Gained mutation: You have sharp toenails. [demonic
                  | ancestry]
   443 | D:1      | Reached XP level 2. HP: 19/19 MP: 5/5
  1222 | D:1      | Learned a level 2 spell: Ensorcelled Hibernation
  1360 | D:1      | Gained mutation: You have razor-sharp toenails. [demonic
                  | ancestry]
  1360 | D:1      | Reached XP level 3. HP: 24/24 MP: 1/6
  2000 | D:2      | Reached skill level 1 in Ice Magic
  2000 | D:2      | Gained mutation: You have claws for feet. [demonic
                  | ancestry]
  2000 | D:2      | Reached XP level 4. HP: 16/30 MP: 1/7
  2415 | D:2      | Found a runed translucent door.
  2416 | D:2      | Noticed Crazy Yiuf
  2497 | D:2      | Found a faded altar of an unknown god.
  2497 | D:2      | Found a stormy altar of Qazlal.
  2502 | D:2      | Found a hide-covered altar of Uskayaw.
  2504 | D:2      | Found a hazy altar of Hepliaklqana.
  2510 | D:2      | Found a faded altar of an unknown god.
  2570 | D:2      | Became a worshipper of Fedhas Madash
  2570 | D:2      | Reached * piety under Fedhas
  2703 | D:2      | Fell from the grace of Fedhas
  2812 | D:3      | Reached skill level 4 in Hexes
  3490 | D:3      | Found an ornate altar of the Wu Jian Council.
  3509 | D:3      | Reached XP level 5. HP: 30/35 MP: 5/8
  4121 | D:2      | Noticed an oklob plant
  4121 | D:2      | Noticed an oklob plant
  4121 | D:2      | Noticed a wandering mushroom
  4121 | D:2      | Noticed an oklob plant
  4315 | D:2      | Learned a level 3 spell: Confuse
  4684 | D:4      | Got a pitted spear
  4685 | D:4      | Identified the cursed +0 spear "Lointed" {venom, +Inv Int+3
                  | Dex+5 Stlth+} (You found it on level 4 of the Dungeon)
  4886 | D:4      | Noticed a wandering mushroom
  4887 | D:4      | Noticed a wandering mushroom
  4888 | D:4      | Noticed an oklob plant
  5071 | D:4      | Noticed a phantom
  5083 | D:4      | Killed a phantom
  5083 | D:4      | Reached skill level 1 in Fighting
  5083 | D:4      | Reached XP level 6. HP: 31/43 MP: 2/9
  5093 | D:4      | HP: 2/43 [something (31)]
  5197 | D:3      | Killed by the enmity of Fedhas Madash

Skill      XL: |  1  2  3  4  5 |
---------------+----------------+-----
Short Blades   | 1 2 3 |  3.0
Stealth        | 3 |  3.7
Ice Magic      | 1 |  1.6
Hexes          | 4 |  4.4
Fighting       | 1 |  1.3
Dodging        | 2 |  2.1
Spellcasting   | |  2.0

Action                   |  1- 3 |  4- 6 || total
-------------------------+-------+-------++-------
Melee: Dagger            |    66 |   108 ||   174
       Kick              |     9 |    31 ||    40
 Fire: Hunting sling     |    41 |       ||    41
 Cast: Corona            |     1 |       ||     1
       Ensorcelled Hiber |    12 |     8 ||    20
       Confuse           |       |     2 ||     2
Invok: Renounce Religion |       |     1 ||     1
  Use: Potion            |     3 |     4 ||     7
       Scroll            |       |     8 ||     8
 Stab: Sleeping          |    10 |     6 ||    16
       Invisible         |     1 |       ||     1
       Confused          |       |     3 ||     3
  Eat: Chunk             |     4 |     6 ||    10
       Ration            |       |     1 ||     1
Armor: Robe              |    10 |    20 ||    30
       Skin              |     2 |       ||     2
Dodge: Dodged            |    61 |    68 ||   129
